AoeStats
← PhilderRohrleger

Four Lakes

509453558Analyzed
1v1 RM · 5d ago on Sep 26, 2026· 70m 30s· 2 players
Game mode
Random Map
Map size
Tiny (2 player)
Population
200
Speed
Normal
Resources
Standard
Victory
Conquest
Starting age
Dark Age
Ending age
Imperial Age
RankedLock teamsTeams togetherTeam positionsShared explorationLock speedFull tech treeHidden civsTurbo modeCheats
Victory
Defeat
🇩🇪 Japanese · Germany
1113
+15
🇸🇪 Dravidians · Sweden
1098
-15
JoeRicson
10:03 Loom
11:48 Feudal Age
16:07 Fletching
19:35 Castle Age
17:51 Fishing Lines
18:35 Double-Bit Axe
18:44 Gold Mining
20:33 Bow Saw
21:05 Gillnets
23:40 Bodkin Arrow
23:17 Crossbowman
29:13 Horse Collar
37:35 Wheelbarrow
44:22 Imperial Age
43:38 Medium Warships
48:33 Forging
48:24 Scale Mail Armor
49:34 Conscription
50:42 Iron Casting
50:23 Chain Mail Armor
53:07 Blast Furnace
57:20 Pikeman
58:22 Heavy Plow
58:06 Elite Urumi Swordsman
61:22 Wootz Steel
62:07 Plate Mail Armor
61:52 Squires
64:47 Padded Archer Armor
64:55 Onager
65:14 Elite Skirmisher
PhilderRohrleger
11:05 Feudal Age
10:07 Loom
11:11 Man-at-Arms
11:43 Double-Bit Axe
12:02 Arson
17:53 Castle Age
18:21 Gold Mining
18:14 Horse Collar
18:43 Scale Mail Armor
19:08 Long Swordsman
19:36 Gambesons
20:00 Squires
27:34 Scale Barding Armor
28:09 Bloodlines
27:56 Light Cavalry
28:38 Husbandry
34:45 Wheelbarrow
39:01 Imperial Age
37:04 Forging
39:07 Two-Handed Swordsman
40:35 Champion
41:55 Conscription
43:03 Chain Mail Armor
48:46 Iron Casting
48:42 Plate Mail Armor
48:53 Heavy Plow
57:00 Fletching
57:12 Padded Archer Armor
57:54 Bodkin Arrow
58:43 Parthian Tactics
58:57 Heavy Cavalry Archer
62:00 Bracer
65:17 Ballistics
65:38 Town Watch
66:11 Hand Cart
Connection lost

Rejoining the realm…

Still unreachable

The connection could not be restored.

Session expired

The server has moved on; the page needs a fresh start.